 Dungeon Crawl Stone Soup version 0.30-a0-728-gc68057be0a (webtiles) character file.

Game seed: 15540697291241143272

451 ASSMAN the Ducker (level 7, -3/53 HPs)
             Began as a Djinni Gladiator on Jan 31, 2023.
             Slain by Menkaure (8 damage)
             ... on level 4 of the Dungeon.
             The game lasted 00:04:56 (3185 turns).

ASSMAN the Ducker (Djinni Gladiator)                Turns: 3185, Time: 00:04:56

Health: -3/53      AC: 11    Str: 15    XL:     7   Next: 25%
Gold:   123        EV:  5    Int:  9    God:
                   SH:  0    Dex: 15

rFire   + + +      SeeInvis .    a - +0 quarterstaff
rCold   x . .      Faith    .    (shield currently unavailable)
rNeg    . . .      Spirit   .    o - +0 plate armour
rPois   ∞          Reflect  .    c - +0 helmet
rElec   .          Harm     .    (no cloak)
rCorr   .          Rampage  .    (no gloves)
Will    .....                    (boots unavailable) Stlth
                                 i - amulet of regeneration
HPRegen 1.08/turn                u - ring of protection from fire
MPRegen 0.00/turn                (no ring)

@: flying
A: sickness immunity, fire resistance 2, cold vulnerability 1, float, innate
caster, HP casting, extra vitality 1
a: no special abilities


You were on level 4 of the Dungeon.
You visited 1 branch of the dungeon, and saw 4 of its levels.

You collected 123 gold pieces.

Inventory:

Hand Weapons
 a - a +0 quarterstaff (weapon)
Missiles
 e - a javelin (quivered)
Armour
 c - a +0 helmet (worn)
 o - a +0 plate armour (worn)
Jewellery
 i - an amulet of regeneration (around neck)
 u - a ring of protection from fire (left hand)
Scrolls
 b - a scroll of fear {unknown}
 g - 2 scrolls of enchant weapon {unknown}
 h - 10 scrolls of identify
 m - 4 scrolls of teleportation
 q - a scroll of enchant armour {unknown}
 r - 2 scrolls of silence {unknown}
 s - a scroll of immolation {unknown}
 t - a scroll of fog {unknown}
Potions
 f - a potion of berserk rage {unknown}
 j - a potion of resistance {unknown}
 k - 2 potions of invisibility {unknown}
 l - 6 potions of brilliance


   Skills:
 + Level 4.4 Fighting
 + Level 4.5 Staves
 - Level 1.5 Throwing
 + Level 5.5 Dodging


You couldn't memorise any spells.
You knew the following spells:

 Your Spells              Type           Power      Damage    Failure   Level
a - Apportation           Tloc           0%         N/A       100%        1
b - Passwall              Tmut/Erth      0%         N/A       100%        2
c - Dazzling Flash        Conj/Hex       0%         N/A       100%        3
Your spell library was empty.


Dungeon Overview and Level Annotations

Branches:
Dungeon (4/15)
 Temple: D:4-7

Altars:
Qazlal

Shops:
D:1 *

Annotations:
D:4 Menkaure, Pikel


Innate Abilities, Weirdness & Mutations

You are immune to sickness and miasma.
You are immune to poison.
Your flesh is very heat resistant. (rF++)
You are vulnerable to cold. (rC-)
You float through the air rather than walking.
You learn spells naturally, not from books.
Your magical power is your life essence.
You have superior vitality. (+4 MHP)


Message History

Pikel hits you with a +1 whip of flaming!
You closely miss Pikel.
Pikel is lightly wounded.
Pikel hits you with a +1 whip of flaming!
Pikel attacks as you move away! Pikel barely misses you.
Pikel attacks as you move away! Pikel hits you but does no damage.
Your surroundings suddenly seem different.
There is a stone staircase leading up here.
You fly upwards.
There is a stone staircase leading down here.
You start resting.
HP restored.
(D) Dungeon
Where to? (Enter - D:4, ? - help)
You fly downwards.
Level annotation: Pikel
There is a stone staircase leading up here.
Menkaure, Prince of Dust comes into view.
An endoplasm comes into view.
Menkaure casts a spell.
Menkaure seems to speed up.
You barely miss Menkaure.
The endoplasm quivers.
Menkaure hits you!
You hit Menkaure but do no damage. Menkaure hits you!
You hit Menkaure.
Menkaure is moderately damaged.
Menkaure hits you!
* * * LOW HITPOINT WARNING * * *
You sock Menkaure!
Menkaure is heavily damaged.
Menkaure hits you.
* * * LOW HITPOINT WARNING * * *
Menkaure calls on the powers of darkness!
The endoplasm convulses!
Your body is wracked with pain!
* * * LOW HITPOINT WARNING * * *
You barely miss Menkaure.
Menkaure is heavily damaged.
Menkaure hits you!
You die...

#.# .#.## #.# #.#.....# #.#
#.#.!....# #.# #.#....... #.#
####.#?.....# ### #.#
.......=...# #.. ##.##
....!.....# #.########...#####
..........## #M.J.......<.....#
...........# #@# ######...###.#
...........# #.#.### ##.## #.#
...........###.....# #.# #.#
...............###.#######.####.#
....oo...#..##. #........<......
.>..5r...#..##.###..######.#.....
#.##5#...).........#.......#.....
#. #5#####)########.########....)
#. #K# #)# #..## #.....


You could see Menkaure (fast) and an endoplasm.

Vanquished Creatures
  Duvessa (D:4)
  A necrophage (D:4)
  Dowan (D:4)
  A hound (D:4)
  A jelly (D:4)
  Jessica (D:2)
  Terence (D:2)
  3 adders
  A white imp (D:3)
  2 worms
  3 dart slugs (D:3)
  7 orcs
  10 bats
  5 endoplasms
  2 giant cockroaches
  5 hobgoblins
  A jackal (D:1)
  5 quokkas
  11 ball pythons
  4 frilled lizards
  5 goblins
  6 kobolds
  5 rats
82 creatures vanquished.

Notes
Turn   | Place    | Note
-------+----------+-------------------------------------------
     0 | D:1      | ASSMAN the Djinni Gladiator began the quest for the Orb.
     0 | D:1      | Reached XP level 1. HP: 18/18 MP: 0/0
   157 | D:1      | Reached XP level 2. HP: 23/23 MP: 0/0
   294 | D:1      | Found a faded altar of an unknown god.
   425 | D:1      | Found Gybliate's Assorted Antiques.
   562 | D:1      | Reached XP level 3. HP: 28/29 MP: 0/0
   562 | D:1      | Learned a level 1 spell: Apportation
  1039 | D:2      | Noticed Jessica
  1045 | D:2      | Killed Jessica
  1046 | D:2      | Reached skill level 4 in Dodging
  1046 | D:2      | Reached XP level 4. HP: 29/34 MP: 0/0
  1212 | D:2      | Noticed Terence
  1219 | D:2      | Killed Terence
  1618 | D:2      | Reached XP level 5. HP: 38/40 MP: 0/0
  1618 | D:2      | Learned a level 2 spell: Passwall
  1627 | D:2      | You are sucked into a shaft and drop 1 floor!
  1709 | D:3      | Found a stormy altar of Qazlal.
  2848 | D:4      | Reached XP level 6. HP: 44/46 MP: 0/0
  2941 | D:4      | Noticed Dowan
  2943 | D:4      | Noticed Duvessa
  2970 | D:4      | HP: 2/47 [Duvessa/+3 short sword of flaming (11)]
  2972 | D:4      | Killed Duvessa
  2973 | D:4      | Reached skill level 5 in Dodging
  2981 | D:4      | Reached XP level 7. HP: 26/52 MP: 0/0
  2981 | D:4      | Learned a level 3 spell: Dazzling Flash
  2994 | D:4      | Killed Dowan
  3044 | D:4      | Noticed Pikel
  3178 | D:4      | Noticed Menkaure
  3185 | D:4      | Slain by Menkaure

Illustrated notes

Levels and vault maps discovered:
D:1:      roderic_dead_forest, layout_loops_ring, ebering_ecumenical_altar_rust,
          serial_shops, shop, roderic_roman_lattice,
          chequers_serial_rivers_large_b, minmay_octomino_j4
D:2:      layout_basic, uniq_jessica, uniq_terence
D:3:      layout_loops_ring, nicolae_qazlal_general_emergency
D:4:      layout_loops_ring, temple_hall, uniq_menkaure, uniq_duvessa,
          uniq_pikel

Skill      XL: |  1  2  3  4  5  6 |
---------------+-------------------+-----
Staves         | 3 4 |  4.5
Dodging        | 4 5 |  5.5
Fighting       | 3 4 |  4.4
Throwing       | |  1.5

Action                     |  1- 3 |  4- 6 |  7- 9 || total
---------------------------+-------+-------+-------++-------
  Melee: Quarterstaff      |    79 |   193 |    44 ||   316
  Throw: Throwing net      |       |     3 |       ||     3
    Use: Potion            |       |     5 |       ||     5
         Scroll            |       |       |     2 ||     2
   Stab: Sleeping          |     2 |       |       ||     2
         Held in net/web   |       |     1 |       ||     1
 Armour: Leather armour    |     8 |       |       ||     8
         Scale mail        |    29 |       |       ||    29
         Plate armour      |     1 |   141 |    25 ||   167
  Dodge: Dodged            |    68 |    42 |     4 ||   114

Table legend: (Time is in decaauts)
 A = Elapsed time spent in this place.
 B = Non-inter-level travel time spent in this place.
 C = Inter-level travel time spent in this place.
 D = Time resting spent in this place.
 E = Time spent auto-exploring this place.
 F = Levels seen in this place.
 G = Mean time per level.
                   A        B        C        D        E       F      G
               +--------+--------+--------+--------+--------+-----+--------+
         Total |   3230 |   3088 |    142 |     50 |   2350 |   4 |  807.5 |
       Dungeon |   3230 |   3088 |    142 |     50 |   2350 |   4 |  807.5 |
               +--------+--------+--------+--------+--------+-----+--------+

Top non-repeatable levels by time:
     D:2: 982 daAuts
     D:1: 952 daAuts
     D:3: 887 daAuts
     D:4: 408 daAuts
